 Dungeon Sprint DCSS version 0.25-a0-939-g1e880d33e3 (webtiles) character file.

Game seed: 6274728438537297544, levelgen mode: deterministic

49 Conn the Magician (level 3, -9/22 HPs)
             Began as an Octopode Wizard on May 5, 2020.
             Was an Initiate of Sif Muna.
             Splashed by an oklob sapling wizard's acid (11 damage)
             ... in the Dungeon (Sprint IV: "Fedhas' Mad Dash").
             The game lasted 00:04:28 (690 turns).

Conn the Magician (Octopode Wizard)                  Turns: 690, Time: 00:04:28

Health: -9/22      AC: -3    Str:  6    XL:     3   Next: 77%
Magic:  4/10       EV: 14    Int: 21    God:    Sif Muna [......]
Gold:   32         SH:  0    Dex: 10    Spells: 9/14 levels left

rFire    . . .     SeeInvis .   (no weapon)
rCold    . . .     Gourm    .   (no shield)
rNeg     . . .     Faith    .   a - +0 hat
rPois    .         Spirit   .   j - amulet of invisibility {+Inv}
rElec    .         Reflect  .   (no ring)
rCorr    .         Harm     .   (no ring)
MR       .....     NoTele   +   (no ring)
Stlth    +++.......             (no ring)
HPRegen  0.07/turn              (no ring)
MPRegen  0.12/turn              (no ring)
                                (no ring)
                                (no ring)

@: corroded
A: almost no armour, stealthy swim, amphibious, 8 rings, constrict 8, camouflage
1, gelatinous body 1
a: Renounce Religion, Evoke Invisibility


You were in the Dungeon.
You worshipped Sif Muna.
Sif Muna was noncommittal.
You were not hungry.

You visited 1 branch You collected 32 gold pieces.

Inventory:

Armour
 a - a +0 hat (worn)
Jewellery
 j - the amulet of invisibility (around mantle) {+Inv}
   (You found it in the Dungeon)

   [amulet of nothing]

   It lets you turn invisible.
Scrolls
 b - a scroll of enchant weapon {unknown}
 i - a scroll of blinking
 k - a scroll of fog {unknown}
Potions
 d - a potion of curing
 e - a potion of heal wounds
 f - a potion of haste
 g - 2 potions of magic
Comestibles
 c - a ration


   Skills:
 + Level 0.5 Fighting
 + Level 3.1 Dodging
 + Level 3.7 Stealth
 + Level 6.1 Spellcasting
 + Level 1.0 Conjurations
 + Level 1.6 Summonings
 + Level 1.2 Translocations
 + Level 1.0 Evocations


You had 9 spell levels left.
You knew the following spells:

 Your Spells              Type           Power        Failure   Level  Hunger
a - Magic Dart            Conj           ##..         6%          1    None
b - Blink                 Tloc           N/A          9%          2    None
c - Call Imp              Summ           ##......     8%          2    None

Your spell library contained the following spells:

 Spells                   Type           Power        Failure   Level  Hunger
 Slow                     Hex            #.......     14%         2    None
 Conjure Flame            Conj/Fire      #.......     24%         3    ##.....
 Mephitic Cloud           Conj/Pois/Air  #.......     26%         3    ##.....


Dungeon Overview and Level Annotations

Branches:
Dungeon (1/1)

Altars:
Cheibriados
Dithmenos
Elyvilon
Gozag
Hepliaklqana
Kikubaaqudgha
Makhleb
Nemelex Xobeh
Okawaru
Qazlal
Ru
Sif Muna
Trog
Uskayaw
Vehumet
Wu Jian
Xom
Yredelemnul
Zin
The Shining One
Beogh
Jiyva
Lugonu

Annotations:
D exclusion: 3 oklob saplings


Innate Abilities, Weirdness & Mutations

You cannot wear most types of armour.
You are very stealthy in the water. (Stealth+)
You are amphibious.
You can wear up to eight rings at the same time.
You can use your tentacles to constrict eight enemies at once.
Your skin changes colour to match your surroundings (Stealth+).
Your rubbery body absorbs attacks. (AC +1, EV +1)


Message History

The oklob sapling wizard spits acid at your white imp.
The splash of acid hits your white imp!
Your white imp is splashed with acid.
Your white imp dies!
Unknown command.
Casting: Call Imp (safe; 8% risk of failure)
Confirm with . or Enter, or press ? or * to list all spells.
A beastly little devil appears in a puff of frigid air.
The oklob sapling wizard casts a spell at you.
The magic dart hits you.
Unknown command.
Casting: Call Imp (safe; 8% risk of failure)
Confirm with . or Enter, or press ? or * to list all spells.
A shadowy apparition takes form in the air.
The oklob sapling wizard spits acid at you.
The splash of acid hits you!
Ouch! That really hurt!
* * * LOW HITPOINT WARNING * * *
The acid corrodes you!
You are splashed with acid!
Ouch! That really hurt!
You die...

######################
$...#.⌠._._._._5⌠.#.(+
#.[.'.._._._._._..'.P#
#...#..._._._._.@.#..#
##+##.._._._._._..# ?#
..#._._._._._.⌠5# #
P$############### ###


You could see an oklob sapling wizard, a friendly white imp and a friendly
shadow imp.

Vanquished Creatures
  A river rat (D)
  A rat (D)
2 creatures vanquished.

Vanquished Creatures (collateral kills)
  An oklob sapling (D)
  A worker ant (D)
2 creatures vanquished.

Grand Total: 4 creatures vanquished

Notes
Turn   | Place    | Note
-------+----------+-------------------------------------------
     0 | D        | Conn the Octopode Wizard began the quest for the Orb.
     0 | D        | Reached XP level 1. HP: 11/11 MP: 4/4
    20 | D        | Reached skill level 4 in Spellcasting
    20 | D        | Reached XP level 2. HP: 16/17 MP: 1/7
   153 | D        | Learned a level 2 spell: Blink
   156 | D        | Learned a level 2 spell: Call Imp
   256 | D        | Noticed an oklob sapling
   258 | D        | Found the amulet of invisibility {+Inv}
   263 | D        | Reached skill level 5 in Spellcasting
   454 | D        | Noticed an oklob sapling
   459 | D        | Found an opulent altar of Gozag.
   459 | D        | Found a hazy altar of Hepliaklqana.
   459 | D        | Found a roughly hewn altar of Beogh.
   459 | D        | Found a snail-covered altar of Cheibriados.
   460 | D        | Found a burning altar of Makhleb.
   460 | D        | Found a sparkling altar of Nemelex Xobeh.
   460 | D        | Found a sacrificial altar of Ru.
   460 | D        | Found a shimmering blue altar of Sif Muna.
   460 | D        | Found a shimmering altar of Xom.
   460 | D        | Found a basalt altar of Yredelemnul.
   461 | D        | Found a viscous altar of Jiyva.
   461 | D        | Found a bloodstained altar of Trog.
   461 | D        | Found an ornate altar of the Wu Jian Council.
   461 | D        | Noticed an oklob sapling priest
   463 | D        | Found an iron altar of Okawaru.
   463 | D        | Found a glowing silver altar of Zin.
   463 | D        | Found a shadowy altar of Dithmenos.
   464 | D        | Found a hide-covered altar of Uskayaw.
   464 | D        | Found an ancient bone altar of Kikubaaqudgha.
   465 | D        | Found a glowing golden altar of the Shining One.
   465 | D        | Found a stormy altar of Qazlal.
   465 | D        | Found a white marble altar of Elyvilon.
   466 | D        | Found a radiant altar of Vehumet.
   466 | D        | Found a corrupted altar of Lugonu.
   468 | D        | Became a worshipper of Sif Muna the Loreminder
   477 | D        | Noticed an oklob sapling wizard
   492 | D        | Killed an oklob sapling priest
   492 | D        | Reached skill level 6 in Spellcasting
   492 | D        | Reached skill level 1 in Evocations
   492 | D        | Reached XP level 3. HP: 22/22 MP: 1/10
   690 | D        | Splashed by an oklob sapling wizard's acid

Levels and vault maps discovered:
D:        dungeon_sprint_fedhas [sprint_temple]

Skill      XL: |  1  2 |
---------------+-------+-----
Stealth        | 3 |  3.7
Spellcasting   | 4 6 |  6.1
Dodging        | 3 |  3.1
Evocations     | 1 |  1.0
Fighting       | |  0.5
Conjurations   | |  1.0
Summonings     | |  1.6
Translocations | |  1.2

Action                   || total
-------------------------++-------
Melee: Unarmed           ||    14
       Tentacles         ||     2
       Constrict         ||     2
 Cast: Magic Dart        ||     8
       Call Imp          ||    12
       Blink             ||     1
 Abil: Evoke Invisibilit ||     2
  Use: Potion            ||     1
Dodge: Dodged            ||     5

Table legend:
 A = Non-vault XP
 B = Vault XP
 C = Vault XP percentage of total XP
 D = Non-vault monster count
 E = Vault monster count
 F = Vault count percentage of total count
                 A         B        C        D         E       F
            +---------+---------+-------+---------+---------+-------
      Total |       0 |      71 | 100.0 |       0 |       4 | 100.0
            +---------+---------+-------+---------+---------+-------
          D |       0 |      71 | 100.0 |       0 |       4 | 100.0
            +---------+---------+-------+---------+---------+-------
